 Dungeon Crawl Stone Soup version 0.30-a0-190-g22c9a3c0ff (webtiles) character file.

Game seed: 13385945161791309075

117 Johnny the Chiller (level 5, -11/34 HPs)
             Began as an Octopode Ice Elementalist on Oct 4, 2022.
             Mangled by a gnoll
             ... wielding a +0 flail
              (12 damage)
             ... on level 4 of the Dungeon.
             The game lasted 00:03:41 (2891 turns).

Johnny the Chiller (Octopode Ice Elementalist)      Turns: 2891, Time: 00:03:42

Health: -11/34     AC:  1    Str:  7    XL:     5   Next: 1%
Magic:  0/9        EV: 13    Int: 19    God:
Gold:   130        SH:  0    Dex: 13    Spells: 2/9 levels left

rFire   . . .      SeeInvis .    (no weapon)
rCold   . . .      Faith    .    (no shield)
rNeg    . . .      Spirit   .    (helmet restricted)
rPois   .          Reflect  .    (no amulet)
rElec   .          Harm     .    (no ring)
rCorr   .          Rampage  .    (no ring)
Will    .....                    (no ring)
Stlth   +++.......               (no ring)
HPRegen 0.25/turn                (no ring)
MPRegen 0.11/turn                (no ring)
                                 (no ring)
                                 (no ring)

@: freezing walls
A: almost no armour, amphibious, 8 rings, camouflage 1, gelatinous body 1,
(nimble swimmer 1), tentacles
a: no special abilities


You were on level 4 of the Dungeon.
You visited 2 branches of the dungeon, and saw 5 of its levels.

You collected 130 gold pieces.

Inventory:

Scrolls
 b - a scroll of brand weapon {unknown}
 g - 4 scrolls of identify {unknown}
 h - 2 scrolls of teleportation {unknown}
 j - a scroll of noise {unknown}
 k - a scroll of silence {unknown}
 n - a scroll of butterflies {unknown}
 o - a scroll of poison {unknown}
Potions
 a - a potion of magic
 c - 3 potions of curing {unknown}
 d - a potion of lignification {unknown}
 e - 2 potions of haste {unknown}
 f - a potion of flight {unknown}
 i - a potion of degeneration {unknown}
 l - 2 potions of heal wounds {unknown}
 m - 2 potions of resistance {unknown}
 p - 2 potions of invisibility {unknown}


   Skills:
 + Level 1.7 Fighting
 + Level 2.8 Dodging
 + Level 3.9 Stealth
 + Level 2.7 Spellcasting
 + Level 4.5 Ice Magic


You had 2 spell levels left.
You knew the following spells:

 Your Spells              Type           Power      Damage    Failure   Level
a - Freeze                Ice            76%        1d9       2%          1
b - Frozen Ramparts       Ice            38%        1d6       8%          3
c - Ozocubu's Armour      Ice            19%        N/A       8%          3

Your spell library contained the following spells:

 Spells                   Type           Power      Damage    Failure   Level
 Sublimation of Blood     Necr           2%         N/A       24%         2
 Wereblood                Tmut           2%         N/A       24%         2
 Summon Ice Beast         Ice/Summ       11%        N/A       52%         4
 Summon Hydra             Summ           1%         N/A       100%        7


Dungeon Overview and Level Annotations

Branches:
Dungeon (4/15)             Temple (1/1) D:4

Altars:
Ashenzari
Cheibriados
Elyvilon
Fedhas
Gozag
Nemelex Xobeh
Qazlal
Ru
Sif Muna
Trog
Uskayaw
Vehumet
Wu Jian
Yredelemnul
The Shining One


Innate Abilities, Weirdness & Mutations

You cannot wear most types of armour.
You are amphibious.
You can wear up to eight rings at the same time.
Your skin changes colour to match your surroundings (Stealth+).
Your rubbery body absorbs attacks. (AC +1, EV +1)
((You are camouflaged when in or above water. (Stealth+)))
You have tentacles for arms and can constrict up to eight enemies at once.


Message History

The walls around you are covered in ice.
The gnoll shouts!
The wall freezes the gnoll but does no damage.
The gnoll hits you with a +0 whip!
The wall freezes the gnoll.
The gnoll hits you with a +0 whip.
You tentacle-slap the gnoll. You grab the gnoll.
The gnoll is moderately wounded.
You constrict the gnoll.
The wall freezes the gnoll.
The gnoll hits you with a +0 whip.
The wall freezes the gnoll but does no damage.
You tentacle-slap the gnoll.
The gnoll is almost dead.
You constrict the gnoll, but do no damage.
The wall freezes the gnoll but does no damage.
The gnoll struggles to escape constriction.
The wall freezes the gnoll but does no damage.
You tentacle-slap the gnoll but do no damage.
The gnoll is almost dead.
You constrict the gnoll, but do no damage.
The wall freezes the gnoll.
You kill the gnoll!
The wall freezes the gnoll.
You have reached level 5!
You feel agile.
You barely miss the gnoll. Your grab misses the gnoll.
The gnoll is moderately wounded.
The wall freezes the gnoll but does no damage.
The gnoll hits you with a +0 flail.
You barely miss the gnoll. You grab the gnoll.
The gnoll is moderately wounded.
You constrict the gnoll, but do no damage.
The wall freezes the gnoll.
The gnoll hits you with a +0 flail!
* * * LOW HITPOINT WARNING * * *
Unknown command.
You tentacle-slap the gnoll but do no damage.
The gnoll is heavily wounded.
You constrict the gnoll, but do no damage.
The wall freezes the gnoll but does no damage.
The gnoll hits you with a +0 flail!
You die...

#.## ####.#
###..#.### #........#
..........#
..........#
#.........# ###
#.........#####.#
#.......#)@##...##
##.....###g#.....#
##...# #.......###
#### ##.........# #
##.........## #.#
#..........# ....
##.........# $....
###.........##
......##............#


You could see a gnoll.

Vanquished Creatures
  2 adders
  3 gnolls (D:4)
  2 worms (D:2)
  5 orcs (D:3)
  4 ball pythons
  5 bats
  4 endoplasms
  2 giant cockroaches (D:1)
  3 goblins
  6 hobgoblins
  A quokka (D:3)
  3 frilled lizards
  12 kobolds
  6 rats
58 creatures vanquished.

Notes
Turn   | Place    | Note
-------+----------+-------------------------------------------
     0 | D:1      | Johnny the Octopode Ice Elementalist began the quest for
                  | the Orb.
     0 | D:1      | Reached XP level 1. HP: 11/11 MP: 3/3
   171 | D:1      | Reached XP level 2. HP: 8/18 MP: 0/5
   656 | D:1      | Reached XP level 3. HP: 21/22 MP: 3/6
   731 | D:1      | Found a faded altar of an unknown god.
   827 | D:2      | Reached skill level 1 in Fighting
  1108 | D:2      | Learned a level 3 spell: Frozen Ramparts
  1573 | D:3      | Found a hide-covered altar of Uskayaw.
  1821 | D:3      | Reached XP level 4. HP: 24/28 MP: 3/7
  2228 | D:3      | Found a broken altar of Ashenzari.
  2530 | D:4      | Found a staircase to the Ecumenical Temple.
  2538 | Temple   | Entered the Ecumenical Temple
  2664 | Temple   | Learned a level 3 spell: Ozocubu's Armour
  2889 | D:4      | Reached XP level 5. HP: 15/34 MP: 0/9
  2890 | D:4      | HP: 1/34 [gnoll/+0 flail (10)]
  2891 | D:4      | Mangled by a gnoll

Illustrated notes

Levels and vault maps discovered:
D:1:      noname_arrival_rooms_in_the_neighbourhood, layout_rooms,
          dilly_ecumenical_altar_fadedgnrine, minmay_octomino_j4
D:2:      layout_rooms
D:3:      layout_loops_corners, cheibrodos_ashenzari_chains,
          mainiacjoe_overflow_six_doors_small
D:4:      layout_cave_pods, mainiacjoe_overflow_alcove_2, temple_fountains,
          sigmund_army
Temple:   nicolae_temple_bog_church

Skill      XL: |  1  2  3 |
---------------+----------+-----
Stealth        | 3 |  3.9
Fighting       | 1 |  1.7
Dodging        | |  2.8
Spellcasting   | |  2.7
Ice Magic      | |  4.5

Action                   |  1- 3 |  4- 6 || total
-------------------------+-------+-------++-------
Melee: Unarmed           |    53 |    29 ||    82
       Constrict         |    15 |     6 ||    21
       Tentacles         |    18 |     8 ||    26
       Punch             |     1 |       ||     1
 Cast: Freeze            |    39 |    10 ||    49
       Frozen Ramparts   |       |     3 ||     3
 Stab: Sleeping          |     6 |     1 ||     7
Armor: Skin              |     8 |       ||     8
Dodge: Dodged            |    52 |    20 ||    72

Table legend: (Time is in decaauts)
 A = Elapsed time spent in this place.
 B = Non-inter-level travel time spent in this place.
 C = Inter-level travel time spent in this place.
 D = Time resting spent in this place.
 E = Time spent auto-exploring this place.
 F = Levels seen in this place.
 G = Mean time per level.
                   A        B        C        D        E       F      G
               +--------+--------+--------+--------+--------+-----+--------+
         Total |   2890 |   2796 |     94 |    165 |   2185 |   5 |  578.0 |
       Dungeon |   2755 |   2669 |     86 |    165 |   2078 |   4 |  688.8 |
        Temple |    134 |    126 |      8 |      0 |    107 |   1 |  134.0 |
               +--------+--------+--------+--------+--------+-----+--------+

Top non-repeatable levels by time:
     D:3: 1085 daAuts
     D:1: 761 daAuts
     D:2: 616 daAuts
     D:4: 292 daAuts
  Temple: 134 daAuts
